 Dungeon Crawl Stone Soup version 0.21-a0-471-gd587bd5 (webtiles) character file.

5 sagitran the Sneak (level 1, -2/9 HPs)
             Began as a Spriggan Enchanter on Nov 21, 2017.
             Killed from afar by a dart slug (4 damage)
             ... with a slug dart
             ... on level 1 of the Dungeon.
             The game lasted 00:01:31 (212 turns).

sagitran the Sneak (Spriggan Enchanter)              Turns: 212, Time: 00:01:32

Health: -2/9       AC:  2    Str:  4    XL:     1   Next: 66%
Magic:  5/5        EV: 18    Int: 16    God:
Gold:   23         SH:  0    Dex: 16    Spells: 4/5 levels left

rFire    . . .     SeeInvis +   a - +1 dagger
rCold    . . .     Gourm    .   (shield restricted)
rNeg     . . .     Faith    .   b - +0 robe
rPois    .         Spirit   .   (helmet restricted)
rElec    .         Reflect  .   (no cloak)
rCorr    .         Harm     .   (gloves unavailable)
MR       .....                  (boots unavailable)
Stlth    +++.......             (no amulet)
HPRegen  0.03/turn              (no ring)
MPRegen  0.09/turn              (no ring)

@: very quick
A: unfitting armour, see invisible, herbivore 3, speed 3, slow metabolism 2
a: no special abilities


You were on level 1 of the Dungeon.
You were not hungry.

You visited 1 branch of the dungeon, and saw 1 of its levels.

You collected 23 gold pieces.

Inventory:

Hand Weapons
 a - a +1 dagger (weapon)
Missiles
 f - 4 curare-tipped needles
Armour
 b - a +0 robe (worn)
Potions
 e - a potion of heal wounds {unknown}
Books
 c - a book of Maledictions

   Spells                             Type                      Level
   a - Corona                         Hexes                        1
   b - Ensorcelled Hibernation        Hexes/Ice                    2
   c - Confuse                        Hexes                        3
   d - Tukima's Dance                 Hexes                        3
   e - Dazzling Spray                 Conjuration/Hexes            3
Comestibles
 d - a bread ration


   Skills:
 + Level 1.1 Short Blades
 + Level 3.0 Dodging
 + Level 4.6 Stealth
 + Level 2.9 Spellcasting
 + Level 3.8 Hexes


You had 4 spell levels left.
You knew the following spells:

 Your Spells              Type           Power        Failure   Level  Hunger
a - Corona                Hex            ##.....      3%          1    #......


Dungeon Overview and Level Annotations

Branches:
Dungeon (1/15)

Altars:


Innate Abilities, Weirdness & Mutations

You are very small and have problems with some larger weapons.
You are too small for most types of armour.
You have supernaturally acute eyesight. (SInv)
You are a herbivore.
You cover ground extremely quickly.
You need consume almost no food.


Message History

The hobgoblin completely misses you.
You closely miss the hobgoblin. The hobgoblin hits you.
You hit the hobgoblin but do no damage. The hobgoblin closely misses you.
The dart slug completely misses you.
You closely miss the hobgoblin. The hobgoblin misses you.
You hit the hobgoblin.
The hobgoblin is severely wounded.
The dart slug launches a dart at you. The slug dart hits you!
The hobgoblin misses you.
You hit the hobgoblin but do no damage.
The hobgoblin is severely wounded.
You hit the hobgoblin but do no damage.
The hobgoblin is severely wounded.
The hobgoblin closely misses you. The dart slug launches a dart at you.
The slug dart hits you!
* * * LOW HITPOINT WARNING * * *
The dart slug launches a dart at you. The slug dart hits you!
You die...

.... #.# ..### #
....# #. ###.#
#.######## #.#
.........
#.#########....#
###.........'....+
......#######...@##
......# #.....#
......# #.wg..#
......# .......)..#
......# ..........#
.%....# ..........#
......# ..........#
...(..# ..........#
......# ..........#


You could see a dart slug and a hobgoblin.

Vanquished Creatures
  2 bats (D:1)
  A jackal (D:1)
  2 kobolds (D:1)
5 creatures vanquished.

Notes
Turn   | Place    | Note
-------+----------+-------------------------------------------
     0 | D:1      | sagitran the Spriggan Enchanter began the quest for the Orb.
     0 | D:1      | Reached XP level 1. HP: 9/9 MP: 5/5
   212 | D:1      | Killed from afar by a dart slug

Vault maps used:
D:1:      dpeg_arrival_chase

Action                   || total
-------------------------++-------
Melee: Dagger            ||    36
 Stab: Sleeping          ||     1
Armor: Robe              ||     7
Dodge: Dodged            ||    55

Table legend:
 A = Spawn XP
 B = Non-spawn XP
 C = Spawn XP percentage of total XP
 D = Spawn monster count
 E = Non-spawn monster count
 F = Spawn count percentage of total count
 G = Total turns spent on level
                    A         B        C        D         E        F      G
               +---------+---------+-------+---------+---------+-------+---------
         Total |       0 |       8 |   0.0 |       0 |       5 |   0.0 |   212
               +---------+---------+-------+---------+---------+-------+---------
           D:1 |       0 |       8 |   0.0 |       0 |       5 |   0.0 |   212
               +---------+---------+-------+---------+---------+-------+---------
